 Dungeon Crawl Stone Soup version 0.31-a0-219-g8d62b2e7bb (webtiles) character file.

Game seed: 3800236750668326507

185 qw the Chopper (level 5, -1/32 HPs)
             Began as a Gargoyle Fighter on July 3, 2023.
             Slain by a lemure (4 damage)
             ... led by Pikel
             ... on level 4 of the Dungeon.
             The game lasted 00:01:14 (2580 turns).

qw the Chopper (Gargoyle Fighter)                   Turns: 2580, Time: 00:01:14

Health: -1/32      AC: 14    Str: 27 (28) XL:     5   Next: 64%
Magic:  5/5        EV:  9    Int:  5 (8)  God:
Gold:   187        SH:  9    Dex:  7 (9)  Spells: 4/4 levels left

rFire   . . .        Y - +0 war axe (venom)
rCold   . . .        c - +0 buckler
rNeg    + . .        b - +0 scale mail
rPois   inf          (no helmet)
rElec   +            o - +2 cloak
rCorr   .            (no gloves)
SInv    .            (no boots)
Will    .....        n - amulet of reflection Stlth
                     l - +6 ring of strength
HPRegen 0.25/turn    (no ring)
MPRegen 0.09/turn

%: reflection
@: about to teleport
A: sickness immunity, AC +4, negative energy resistance 1, electricity
resistance, torment resistance 1, petrification resistance
a: no special abilities


You were on level 4 of the Dungeon.
You visited 1 branch of the dungeon, and saw 4 of its levels.

You collected 187 gold pieces.


Innate Abilities, Weirdness & Mutations

You are immune to sickness and miasma.
Your stone body is resilient. (AC +4)
You are immune to poison.
You resist negative energy. (rN+)
You are resistant to electric shocks. (rElec)
You are resistant to unholy torment.
You are immune to petrification.


   Skills:
 + Level 3.3 Fighting
 - Level 5.0 Axes
 - Level 3.2 Armour
 - Level 0.6 Dodging
 - Level 3.2 Shields


You had 4 spell levels left.
You didn't know any spells.
Your spell library was empty.

Inventory:

Hand Weapons
 i - a +0 mace
 Y - a +0 war axe of venom (weapon)
Armour
 b - a +0 scale mail (worn)
 c - a +0 buckler (worn)
 k - a +0 plate armour
 o - a +2 cloak (worn)
Jewellery
 l - a +6 ring of strength (left hand)
 n - an amulet of reflection (around neck)
Scrolls
 a - a scroll of teleportation
 g - a scroll of identify
Potions
 d - a potion of might
 e - a potion of haste {unknown}
 f - a potion of resistance
 h - a potion of enlightenment {unknown}
 j - 2 potions of curing
 p - a potion of heal wounds {unknown}

Dungeon Overview and Level Annotations

Branches:
Dungeon (4/15)
 Temple: D:4-7

Altars:
Ashenzari

Annotations:
D:4 Pikel


Message History

A lemure comes into view.
You block Pikel's attack. You block the lemure's attack.
The lemure moves out of view.
You hit Pikel.
Pikel is poisoned.
Pikel is moderately wounded.
You hit the lemure.
The lemure is poisoned.
You barely miss the lemure.
A hound comes into view.
You block the lemure's attack. You block Pikel's attack.
You slash Pikel!
Pikel looks as sick as possible!
Pikel is heavily wounded.
You hit the lemure. You closely miss the lemure.
You hit the lemure but do no damage. The lemure barely misses you.
You block Pikel's attack. The lemure barely misses you.
The lemure completely misses you.
You hit Pikel but do no damage.
Pikel looks as sick as possible!
Pikel is severely wounded.
You barely miss the lemure. You hit the lemure.
The lemure is poisoned.
You hit the lemure but do no damage. You block the lemure's attack.
Pikel barely misses you. The lemure hits you but does no damage.
The lemure barely misses you.
You hit Pikel but do no damage.
Pikel looks as sick as possible!
Pikel is severely wounded.
You barely miss the lemure. You hit the lemure.
The lemure looks as sick as possible!
You barely miss the lemure. Pikel hits you but does no damage.
You block the lemure's attack. The lemure closely misses you.
The lemure hits you but does no damage. You block Pikel's attack.
The lemure hits you but does no damage. The lemure hits you!
The lemure hits you.
You hit Pikel but do no damage.
Pikel looks as sick as possible!
Pikel is severely wounded.
You barely miss the lemure. You hit the lemure but do no damage.
The lemure is poisoned.
You miss the lemure. The lemure hits you but does no damage.
Pikel hits you with a +1 whip of freezing.
Pikel freezes you. The lemure hits you but does no damage. The lemure hits you.
2580 ||| READING 2 scrolls of teleportation.
As you read the scroll of teleportation, it crumbles to dust.
You feel strangely unstable. The lemure hits you.
You die...

...##...###.....
#.....<#.......
#..........<...
#..#....###....
....#....##.....
.....#..........
###.#..###.....
#.#.####.....
#.5@#........
#.55Kh.......
###5.........
#..........
#...........
...##.....###
.5.# #.....#
5... ##....# P..
.....


You could see Pikel (extremely poisoned), 4 lemures and a hound.

Vanquished Creatures
  An ogre (D:3)
  3 adders (D:3)
  A worm (D:3)
  A dart slug (D:2)
  8 orcs
  5 ball pythons
  3 bats
  5 endoplasms
  2 giant cockroaches
  4 goblins
  8 hobgoblins
  3 jackals
  6 kobolds
  2 quokkas
  2 frilled lizards
  10 rats
64 creatures vanquished.

Notes
Turn   | Place    | Note
-------+----------+-------------------------------------------
     0 | D:1      | qw the Gargoyle Fighter began the quest for the Orb.
     0 | D:1      | Reached XP level 1. HP: 14/14 MP: 1/1
     0 | D:1      | 0 ||| qw: Version: 0.3-a-40-ge99b1a8
     0 | D:1      | 0 ||| qw: Game counter: 436
     0 | D:1      | 0 ||| qw: Melee chars always use a shield: true
     0 | D:1      | 0 ||| qw: God list: Okawaru
     0 | D:1      | 0 ||| qw: Allow faded altars: false
     0 | D:1      | 0 ||| qw: Do Orc after clearing Dungeon:15 true
     0 | D:1      | 0 ||| qw: Do second Lair branch before Depths: true
     0 | D:1      | 0 ||| qw: Lair rune preference: random
     0 | D:1      | 0 ||| qw: Goals: Normal, Zot:1-4, Slime:5, God:TSO, Crypt,
                  | Tomb, Abyss, Pan, Hells, Win
     0 | D:1      | 0 ||| PLANNING D:1-11
    22 | D:1      | Reached skill level 2 in Axes
    83 | D:1      | Reached XP level 2. HP: 19/19 MP: 2/2
   345 | D:1      | 345 ||| Stepping ~*~*~tactically~*~*~ (stealth).
   360 | D:1      | Reached skill level 3 in Axes
   367 | D:1      | 367 ||| Stepping ~*~*~tactically~*~*~ (stealth).
   729 | D:1      | Reached XP level 3. HP: 23/23 MP: 3/3
   853 | D:1      | 853 ||| UPGRADING to +2 cloak.
   858 | D:1      | 858 ||| UPGRADING to amulet of reflection.
   863 | D:1      | 863 ||| UPGRADING to +6 ring of strength.
   864 | D:1      | 864 ||| READING 2 scrolls labelled IMOMPA XUOZIEPN.
   865 | D:1      | 865 ||| READING scroll labelled DEDWUU FOFUECU.
   870 | D:1      | 870 ||| READING scroll labelled IQAUG KISIFFOWN.
   871 | D:1      | 871 ||| READING scroll labelled PYDOURPH YQEJ.
   872 | D:1      | 872 ||| DRINKING 2 blue potions.
   873 | D:1      | 873 ||| DRINKING 2 fizzy emerald potions.
   874 | D:1      | 874 ||| DROPPING scroll of amnesia.
  1057 | D:2      | 1057 ||| Stepping ~*~*~tactically~*~*~ (hiding).
  1691 | D:2      | 1691 ||| DROPPING amulet of magic regeneration.
  1692 | D:2      | 1692 ||| READING scroll labelled UCHYUC XOUR.
  1693 | D:2      | 1693 ||| READING 2 scrolls labelled VIECWYM SORA.
  1694 | D:2      | 1694 ||| DROPPING scroll of poison.
  1770 | D:3      | Reached XP level 4. HP: 28/28 MP: 4/4
  1840 | D:3      | Reached skill level 4 in Axes
  1972 | D:3      | Noticed an ogre
  1976 | D:3      | Killed an ogre
  1977 | D:3      | Reached skill level 5 in Axes
  1977 | D:3      | Reached XP level 5. HP: 31/32 MP: 5/5
  2171 | D:3      | 2171 ||| Stepping ~*~*~tactically~*~*~ (hiding).
  2311 | D:3      | Found a broken altar of Ashenzari.
  2515 | D:3      | 2515 ||| READING scroll labelled WIN DAAPTOO.
  2516 | D:3      | 2516 ||| DRINKING 2 murky cyan potions.
  2517 | D:3      | 2517 ||| DROPPING potion of degeneration.
  2566 | D:4      | Noticed a lemure
  2566 | D:4      | Noticed Pikel
  2566 | D:4      | Noticed a lemure
  2567 | D:4      | 2567 ||| Stepping ~*~*~tactically~*~*~ (stealth).
  2572 | D:4      | Noticed a lemure
  2574 | D:4      | Noticed a lemure
  2579 | D:4      | HP: 8/32 [Pikel/+1 whip of freezing (2)]
  2579 | D:4      | HP: 3/32 [lemure[Pikel] (5)]
  2580 | D:4      | 2580 ||| READING 2 scrolls of teleportation.
  2580 | D:4      | Slain by a lemure

Levels and vault maps discovered:
D:1:      dpeg_arrival_morbid_curiosity, layout_basic
D:2:      layout_loops_ring, minmay_pentomino_u4
D:3:      layout_loops_ring, ashenzari_conservatory_becter, nrook_mini_backslash
D:4:      cheibrodos_helix_gallery, layout_cave_pools,
          nicolae_gozag_seed_capital, serial_bayou, serial_bayou_pond_c,
          serial_bayou_lagoon_a, serial_bayou_pond_a, serial_bayou_pond_a,
          serial_shops, shop, uniq_pikel

Skill      XL: |  1  2  3  4 |
---------------+-------------+-----
Axes           | 2 3 5 |  5.0
Fighting       | |  3.3
Armour         | |  3.2
Dodging        | |  0.6
Shields        | |  3.2

Action                     |  1- 3 |  4- 6 || total
---------------------------+-------+-------++-------
  Melee: War axe           |   123 |    58 ||   181
    Use: Scroll            |     6 |     2 ||     8
         Potion            |     2 |     1 ||     3
 Armour: Scale mail        |    56 |    29 ||    85
  Dodge: Dodged            |    45 |    23 ||    68
  Block: Buckler           |    37 |    35 ||    72
         Reflection        |       |     1 ||     1

Table legend:
 A = Non-vault XP
 B = Vault XP
 C = Vault XP percentage of total XP
 D = Non-vault monster count
 E = Vault monster count
 F = Vault count percentage of total count
                 A         B        C        D         E       F
            +---------+---------+-------+---------+---------+-------
      Total |     252 |      13 |   4.9 |      57 |       7 |  10.9
            +---------+---------+-------+---------+---------+-------
        D:1 |      27 |       8 |  22.9 |      16 |       4 |  20.0
        D:2 |      30 |       5 |  14.3 |      16 |       3 |  15.8
        D:3 |     189 |       0 |   0.0 |      23 |       0 |   0.0
        D:4 |       6 |       0 |   0.0 |       2 |       0 |   0.0
            +---------+---------+-------+---------+---------+-------
